Map: Snowy Mesa

Players

Psshhhiiiitt - Winner!

  • Race: Zerg Zerg
  • Spawn Location: 12:00

Amix - Winner!

  • Race: Zerg Zerg
  • League: Platinum
  • Spawn Location: 12:00

A.I. 2 (Elite)

  • Race: Protoss Protoss
  • Spawn Location: 6:00

A.I. 3 (Elite)

  • Race: Zerg Zerg
  • Spawn Location: 6:00

VOD

Have the link to the VOD?

Description

Time

  • Played on: Nov. 29, 2016, 11:15 a.m.
  • Length: 8:37
Show
View Real Time Build Order
Export as new Build Order

Psshhhiiiitt Zerg - Winner!

Build Orders: Pool First 

Get SALT Encoding   

  12  0:01  Drone  
  13  0:08  Drone  
  14  0:26  Extractor  
  14  0:27  Drone  
  14  0:35  Spawning Pool  
  14  0:37  Overlord  
  14  0:45  Extractor  
  14  0:48  Extractor  
  14  0:49  Drone x2  
  14  1:02  Drone x2  
  16  1:11  Drone  
  17  1:22  Queen  
  17  1:23  Drone  
  20  1:35  Metabolic Boost  
  20  1:37  Drone  
  21  1:43  Drone  
  22  2:04  Overlord  
  22  2:11  Roach Warren  
  22  2:13  Zergling x2  
  22  2:21  Queen  
  22  2:22  Drone  
  25  2:30  Drone  
  25  2:32  Drone  
  25  2:34  Zergling x4  
  29  3:04  Overlord x3  
  29  3:20  Hatchery  
  28  3:28  Roach x3  
  34  3:36  Roach  
  36  3:43  Roach x2  
  36  3:44  Roach  
  40  3:57  Roach  
  40  4:02  Lair  
  41  4:09  Roach  
  43  4:16  Roach  
  45  4:34  Roach x2  
  49  4:39  Roach  
  49  4:40  Roach x2  
  55  4:50  Roach x2  
  59  5:00  Glial Reconstitution  
  59  5:23  Burrow  
  59  5:26  Overlord  
  59  5:27  Overlord  
  59  5:30  Drone x2  
  59  5:31  Drone  
  60  5:57  Roach  
  60  5:58  Roach x4  
  70  6:08  Roach x2  
  74  6:18  Tunneling Claws  
  74  6:23  Drone  
  74  6:24  Drone  
  76  6:26  Overlord x2  
  76  6:28  Overlord  
  76  6:53  Roach x4  
  76  6:54  Roach x2  
  88  7:06  Roach x2  
  92  7:17  Zergling x4  
  94  7:27  Roach x2  
  98  7:39  Infestation Pit  
  97  7:44  Evolution Chamber  
  97  7:47  Evolution Chamber  
  97  7:51  Roach x2  
  99  8:11  Overlord  
  99  8:12  Overlord x5  
  99  8:13  Overlord  
Show
View Real Time Build Order
Export as new Build Order

Amix Zerg - Winner!

Build Orders: Pool Only, Zergling Baneling 

Get SALT Encoding   

  12  0:02  Drone  
  13  0:23  Spawning Pool  
  13  0:25  Drone  
  13  0:30  Drone  
  14  0:36  Drone, Extractor  
  14  0:45  Overlord  
  14  1:10  Zergling x6  
  17  1:14  Queen  
  19  1:21  Zergling x2  
  20  1:32  Zergling x2  
  21  1:36  Metabolic Boost  
  21  1:43  Zergling x2  
  22  1:55  Overlord  
  22  2:00  Baneling Nest  
  21  2:26  Zergling x10  
  24  2:40  Zergling x4  
  26  2:45  Baneling x2  
  26  2:50  Baneling x3  
  26  2:51  Baneling  
  26  2:57  Zergling x2  
  21  3:39  Zergling x8  
  21  3:40  Zergling x2  
  21  3:53  Zergling x2  
  21  4:05  Zergling x2  
  22  4:13  Zergling x2  
  20  4:37  Zergling x8  
  21  4:56  Baneling x4  
  21  4:58  Zergling x10  
  22  5:23  Zergling x2  
  22  5:24  Zergling x2  
  22  5:35  Zergling x6  
  25  5:39  Baneling x7  
  25  5:40  Baneling x3  
  25  5:41  Zergling x2  
  26  6:03  Zergling x8  
  23  6:30  Zergling x2  
  23  6:31  Zergling x6  
  24  6:39  Baneling  
  24  6:43  Baneling  
  24  6:52  Baneling  
  24  6:53  Baneling x6  
  24  6:54  Baneling  
  19  7:18  Zergling x4  
  19  7:19  Zergling x2  
  18  7:33  Lair  
  18  7:34  Drone  
  19  7:51  Unknown, Zergling x2  
  20  7:54  Zergling x2  
  21  8:03  Baneling x6  
  21  8:05  Zergling x6  
Show
View Real Time Build Order
Export as new Build Order

A.I. 2 (Elite) Protoss 

Build Orders:  

Get SALT Encoding   

  12  0:01  Probe (Chrono Boost)  
  13  0:11  Probe (Chrono Boost)  
  14  0:20  Pylon  
  14  0:22  Probe (Chrono Boost)  
  15  0:38  Probe (Chrono Boost)  
  16  0:47  Assimilator  
  16  0:48  Probe (Chrono Boost)  
  16  0:49  Gateway  
  17  0:59  Probe (Chrono Boost)  
  17  1:01  Pylon  
  18  1:10  Probe (Chrono Boost)  
  19  1:20  Probe (Chrono Boost)  
  20  1:31  Probe (Chrono Boost)  
  21  1:35  Zealot  
  21  1:39  Cybernetics Core  
  23  1:42  Probe (Chrono Boost), Gateway  
  24  1:52  Pylon  
  25  1:54  Probe (Chrono Boost)  
  25  2:01  Zealot  
  25  2:05  Probe (Chrono Boost)  
  28  2:10  Warp Gate  
  28  2:16  Probe (Chrono Boost)  
  29  2:26  Adept  
  29  2:27  Adept  
  33  2:32  Gateway  
  33  2:40  Gateway  
  33  2:53  Adept  
  33  2:54  Adept  
  37  3:00  Probe (Chrono Boost), Pylon  
  38  3:18  Adept  
  38  3:19  Adept  
  40  3:20  Adept  
  44  3:27  Adept  
  44  3:32  Pylon  
  46  3:41  Twilight Council  
  46  4:04  Pylon  
  46  4:19  Assimilator  
  43  4:41  Zealot  
  43  4:42  Templar Archives  
  43  4:43  Probe (Chrono Boost)  
  44  4:54  Probe (Chrono Boost)  
  45  5:01  Nexus  
  45  5:04  Probe (Chrono Boost)  
  44  5:16  Zealot  
  44  5:17  High Templar  
  46  5:22  Zealot  
  46  5:25  Stalker  
  40  5:43  Zealot  
  40  5:47  High Templar  
  44  5:54  Zealot  
  44  5:56  Stalker  
  48  6:03  Zealot  
  35  6:12  Zealot  
  35  6:18  Stalker  
  31  6:19  Zealot  
  31  6:23  Adept  
  31  6:24  Nexus  
  35  6:38  High Templar  
  32  6:47  Zealot  
  28  6:59  Zealot  
  19  7:09  Probe (Chrono Boost)  
Show
View Real Time Build Order
Export as new Build Order

A.I. 3 (Elite) Zerg 

Build Orders: Pool First 

Get SALT Encoding   

  12  0:01  Drone  
  13  0:12  Overlord  
  13  0:17  Drone  
  14  0:30  Drone x2  
  14  0:34  Drone  
  17  0:47  Spawning Pool  
  17  0:49  Drone  
  17  1:12  Hatchery  
  17  1:13  Drone  
  17  1:16  Extractor  
  16  1:19  Drone  
  16  1:22  Drone  
  18  1:27  Drone  
  19  1:38  Overlord  
  19  1:45  Queen  
  21  1:49  Zergling x2  
  22  1:59  Drone  
  23  2:12  Overlord  
  22  2:21  Queen, Zergling x2  
  25  2:24  Drone  
  26  2:32  Drone  
  27  2:44  Roach Warren  
  26  2:45  Drone  
  26  2:48  Drone  
  28  2:51  Zergling x2  
  28  2:55  Zergling x2  
  28  2:57  Drone  
  31  3:01  Drone  
  31  3:04  Drone  
  33  3:07  Drone  
  34  3:16  Drone  
  26  3:20  Zergling x2  
  26  3:26  Roach, Zergling x2  
  25  3:37  Zergling x2  
  22  3:52  Drone  
  21  4:05  Drone  
  22  4:10  Drone  
  22  4:15  Drone  
  24  4:19  Drone  
  25  4:30  Zergling x2  
  25  4:37  Queen  
  27  4:41  Drone  
  28  4:46  Drone  
  28  4:49  Drone  
  28  4:52  Zergling x2  
  31  4:56  Zergling x2  
  31  4:59  Drone  
  33  5:02  Drone  
  33  5:04  Drone  
  35  5:07  Drone  
  35  5:12  Roach  
  38  5:15  Roach  
  38  5:19  Roach  
  42  5:24  Overlord  
  42  5:42  Drone, Roach, Lair  
  45  5:45  Overlord  
  45  5:48  Drone  
  39  6:01  Drone  
  40  6:05  Drone  
  28  6:35  Zergling x2  
  28  6:39  Queen, Zergling x2  
  30  6:56  Drone  
  30  6:59  Hydralisk Den  
  30  7:11  Drone x2, Overseer  
  30  7:12  Drone  
  30  7:13  Hatchery  
  27  7:15  Spawning Pool  
  27  7:16  Drone  
  24  7:24  Extractor  
  24  7:25  Extractor  
  24  7:28  Drone, Hydralisk  
  25  7:34  Hydralisk  
  27  7:40  Hydralisk  
  29  7:48  Drone  
  30  7:53  Drone  
  30  7:55  Drone  
  30  8:02  Zergling x2  
  30  8:04  Zergling x2  
  30  8:05  Roach Warren  
  31  8:08  Drone  
  34  8:24  Drone  
Tags
 
Add a new tag
Caveats
  • Supply blocks, unpowered buildings, or Contaminate may cause inaccurate times.
  • Supply counts are checked every 10 seconds.